Map: Dusk Towers

Players

SortOf - Winner!

  • Race: Zerg Zerg
  • League: Grandmaster

Olk (Erik)

  • Race: Zerg Zerg

Event: Gauntlet LotV Series 1 Qualifier 2

VOD

Have the link to the VOD?

Description

Time

  • Played on: Dec. 5, 2015, 1:51 p.m.
  • Length: 12:58

All games in this series

Show
View Real Time Build Order
Export as new Build Order

SortOf Zerg - Winner!

Build Orders: Hatch First, Zergling Baneling 

Get SALT Encoding   

  12  0:00  Drone  
  13  0:12  Overlord  
  13  0:17  Drone  
  14  0:31  Drone x2  
  14  0:35  Drone  
  17  0:45  Drone  
  18  0:55  Hatchery  
  17  0:59  Drone  
  17  1:02  Extractor  
  17  1:07  Drone  
  18  1:16  Spawning Pool  
  17  1:20  Drone  
  18  1:29  Drone  
  19  1:40  Overlord  
  19  1:53  Drone  
  20  2:03  Metabolic Boost, Queen  
  20  2:05  Zergling x2  
  23  2:08  Queen  
  23  2:09  Spine Crawler  
  23  2:12  Zergling x2  
  25  2:16  Zergling x2  
  26  2:24  Zergling x4  
  26  2:29  Baneling Nest  
  28  2:37  Drone  
  28  2:38  Drone  
  30  2:44  Drone x2  
  32  2:51  Overlord  
  32  2:55  Drone  
  34  3:05  Drone x2  
  35  3:13  Drone x4  
  35  3:14  Baneling  
  35  3:15  Baneling x3  
  35  3:18  Drone x2  
  41  3:21  Zergling x2  
  41  3:24  Drone x2  
  43  3:38  Hatchery  
  42  3:45  Drone  
  42  3:46  Overlord  
  43  3:53  Overlord  
  43  3:57  Evolution Chamber  
  41  4:05  Drone x4  
  41  4:08  Roach Warren, Extractor  
  42  4:10  Zergling x6  
  42  4:11  Baneling x2  
  42  4:16  Zergling x6  
  42  4:17  Zergling x2  
  48  4:22  Zergling x2  
  49  4:26  Baneling x3  
  49  4:35  Baneling  
  49  4:36  Baneling x2  
  46  4:51  Drone x9  
  54  5:00  Lair  
  54  5:01  Queen  
  54  5:02  Overlord  
  54  5:03  Queen  
  54  5:05  Drone  
  55  5:08  Drone x2  
  55  5:10  Overlord, Extractor  
  57  5:14  Drone x2  
  58  5:22  Zerg Missile Weapons Level 1  
  57  5:30  Drone x3  
  57  5:32  Drone x2  
  57  5:33  Drone x2  
  64  5:38  Roach  
  64  5:39  Roach x2  
  74  5:42  Roach  
  74  5:43  Roach  
  74  5:49  Extractor x2  
  72  5:51  Roach x2  
  72  5:52  Overlord  
  72  5:54  Overlord  
  76  5:58  Drone x3  
  76  6:00  Drone x2  
  76  6:01  Overlord  
  81  6:08  Glial Reconstitution  
  81  6:09  Overlord  
  81  6:10  Spine Crawler  
  80  6:18  Roach  
  80  6:19  Roach x4  
  80  6:21  Roach  
  80  6:22  Roach  
  94  6:27  Overlord  
  94  6:28  Ravager  
  94  6:29  Drone x2  
  94  6:30  Drone  
  94  6:32  Drone  
  99  6:34  Drone x2  
  99  6:39  Overlord  
  101  6:44  Drone x2  
  101  6:45  Overlord  
  105  6:47  Ravager x3  
  105  6:49  Ravager  
  105  6:50  Roach  
  105  6:52  Overlord  
  110  6:55  Extractor  
  110  6:56  Drone x4  
  110  6:59  Roach  
  110  7:00  Roach x2  
  119  7:02  Overlord  
  119  7:07  Roach x3  
  119  7:08  Overseer  
  125  7:10  Overlord  
  125  7:13  Overseer  
  125  7:25  Roach x7  
  125  7:28  Overlord x2  
  139  7:34  Hatchery  
  139  7:36  Roach x2  
  140  7:40  Zerg Missile Weapons Level 2  
  140  7:43  Overlord  
  140  7:46  Overlord  
  140  7:48  Roach x3  
  146  7:51  Overlord  
  146  7:54  Roach x2  
  146  7:56  Roach  
  152  7:59  Ravager x2  
  152  8:01  Ravager  
  152  8:02  Overlord  
  152  8:03  Roach x2  
  157  8:10  Roach x4  
  160  8:24  Roach  
  160  8:25  Roach x6  
  174  8:31  Roach x3  
  180  8:39  Roach x6  
  182  8:48  Roach  
  182  8:49  Roach x4  
  182  8:51  Ravager x2  
  190  8:59  Spine Crawler  
  190  9:00  Spine Crawler  
  190  9:01  Spine Crawler, Overseer x2  
  185  9:03  Queen  
  187  9:10  Drone x4, Spine Crawler  
  187  9:12  Ravager x3  
  187  9:14  Roach  
  187  9:15  Roach  
  197  9:19  Overlord  
  197  9:21  Drone x2  
  196  9:36  Ravager  
  196  9:37  Roach  
  199  9:39  Overlord  
  199  9:42  Overlord  
  192  9:54  Roach x4  
  192  9:57  Roach  
  192  9:58  Roach x8  
  196  10:04  Roach x6  
  184  10:07  Roach x2  
  176  10:14  Roach  
  176  10:17  Roach x3  
  176  10:21  Zerg Ground Armor Level 1  
  179  10:27  Roach  
  179  10:28  Overseer, Roach x3  
  187  10:29  Ravager  
  187  10:30  Ravager  
  187  10:32  Extractor  
  188  10:36  Drone  
  188  10:37  Roach x3  
  188  10:39  Ravager  
  196  10:45  Overlord  
  196  10:46  Hatchery  
  196  10:49  Roach x2  
  199  11:01  Queen  
  199  11:24  Pneumatized Carapace  
  196  11:27  Roach x2  
  154  11:42  Roach  
  154  11:43  Roach x20  
  133  11:56  Roach x11  
  153  12:02  Drone  
  151  12:12  Drone  
  151  12:13  Drone x3  
  155  12:23  Roach x4  
  155  12:24  Overseer  
  155  12:27  Roach Warren  
  162  12:31  Ravager x3  
  162  12:32  Ravager x2  
  162  12:35  Drone x3  
  171  12:37  Drone x4  
Show
View Real Time Build Order
Export as new Build Order

Olk Zerg 

Build Orders: Pool First 

Get SALT Encoding   

  12  0:01  Drone  
  13  0:13  Overlord  
  13  0:17  Drone  
  14  0:31  Drone  
  14  0:32  Drone  
  16  0:41  Spawning Pool  
  15  0:45  Drone  
  17  0:50  Drone  
  17  1:09  Hatchery  
  16  1:12  Drone  
  16  1:15  Extractor  
  16  1:28  Zergling x2, Queen  
  16  1:30  Zergling x2  
  20  1:36  Overlord  
  20  1:42  Drone  
  21  1:51  Drone  
  22  2:02  Drone  
  22  2:03  Queen  
  25  2:12  Drone  
  26  2:16  Metabolic Boost  
  26  2:21  Drone  
  27  2:24  Queen  
  29  2:31  Drone  
  29  2:32  Drone  
  29  2:35  Drone  
  32  2:38  Drone  
  32  2:44  Drone x2  
  33  2:54  Baneling Nest  
  33  2:55  Overlord  
  33  2:57  Zergling x2  
  33  2:59  Zergling x2  
  33  3:04  Zergling x4  
  36  3:10  Overlord  
  36  3:18  Drone x4  
  40  3:23  Zergling x2  
  41  3:34  Zergling x2  
  41  3:35  Zergling x8  
  41  3:38  Baneling  
  41  3:39  Baneling x3  
  41  3:40  Baneling  
  46  3:49  Drone x2  
  46  3:51  Drone  
  46  3:54  Overlord  
  48  3:57  Zergling x4  
  48  4:13  Drone x4  
  52  4:17  Hatchery  
  52  4:18  Roach Warren  
  52  4:19  Extractor  
  52  4:20  Drone  
  52  4:23  Drone  
  51  4:25  Drone x2  
  51  4:30  Drone  
  53  4:33  Drone x3  
  51  4:58  Roach, Extractor  
  51  4:59  Roach x4  
  58  5:00  Overlord x2  
  58  5:01  Overlord  
  57  5:11  Overlord  
  57  5:17  Lair  
  57  5:19  Evolution Chamber  
  55  5:22  Roach x3  
  55  5:23  Roach  
  61  5:29  Queen  
  61  5:32  Drone  
  61  5:33  Drone  
  61  5:35  Drone x2  
  67  5:36  Drone x4, Extractor  
  67  5:40  Drone  
  67  5:41  Drone  
  67  5:42  Drone  
  73  5:48  Zerg Missile Weapons Level 1  
  73  5:52  Drone x2  
  73  5:53  Drone  
  76  6:02  Zergling x4  
  76  6:03  Zergling x2  
  79  6:05  Drone x2  
  79  6:06  Drone x3  
  79  6:07  Drone  
  85  6:12  Drone  
  85  6:15  Overlord  
  85  6:17  Glial Reconstitution  
  86  6:18  Drone  
  86  6:24  Drone  
  88  6:26  Overseer  
  88  6:28  Drone  
  88  6:30  Extractor  
  90  6:33  Roach x5, Extractor  
  90  6:34  Roach x2  
  90  6:36  Overlord  
  101  6:40  Drone x2  
  101  6:41  Drone x2  
  101  6:43  Pneumatized Carapace  
  101  6:47  Drone  
  106  6:49  Overlord  
  106  7:00  Roach x3  
  112  7:04  Burrow  
  112  7:05  Hatchery  
  112  7:06  Overlord  
  112  7:07  Overseer  
  111  7:13  Ravager x4  
  115  7:17  Roach  
  115  7:18  Roach x2  
  115  7:19  Overlord x2  
  115  7:21  Overlord  
  121  7:25  Overlord  
  121  7:28  Overlord  
  120  7:33  Roach x2  
  120  7:35  Tunneling Claws  
  120  7:36  Overlord x2  
  122  7:42  Roach x3  
  128  7:54  Roach  
  128  7:55  Roach x6  
  142  8:05  Queen  
  142  8:18  Roach x10  
  162  8:21  Ravager x4  
  166  8:31  Roach  
  166  8:32  Roach x2  
  161  8:50  Hatchery, Roach x5  
  161  8:52  Overlord x2  
  170  8:55  Roach  
  170  8:56  Roach x3  
  170  9:02  Roach x3  
  170  9:03  Overlord  
  170  9:08  Overlord x2  
  170  9:20  Roach  
  170  9:21  Roach x8  
  186  9:35  Roach x3  
  183  9:56  Roach  
  183  9:57  Roach x5  
  149  10:09  Roach x3  
  143  10:18  Roach  
  143  10:19  Roach x2  
  149  10:26  Hatchery  
  148  10:29  Roach x3  
  154  10:37  Roach x3  
  154  10:38  Hatchery  
  159  10:45  Ravager  
  159  10:46  Ravager x10  
  159  10:47  Roach  
  159  10:49  Roach  
  172  10:50  Roach x21  
  184  11:05  Roach x5  
  189  11:12  Roach  
  189  11:13  Roach x2  
  195  11:26  Overlord x3  
  156  11:44  Roach x8  
  101  11:58  Roach x2  
  101  11:59  Roach x3  
  101  12:00  Roach x3  
  102  12:02  Roach  
  102  12:03  Roach x4  
  102  12:05  Roach x3  
  112  12:09  Roach  
  115  12:16  Ravager x8  
  115  12:21  Roach  
  115  12:22  Roach x3  
  130  12:27  Roach  
  130  12:28  Roach x4  
  140  12:33  Roach x5  
Tags
 
Add a new tag
Caveats
  • Supply blocks, unpowered buildings, or Contaminate may cause inaccurate times.
  • Supply counts are checked every 10 seconds.